| TOP OF THE 1ST |
|
Hillsboro Hops batting - Pitching for Auburn Doubledays : RHP Chris Close
|
|
Pitching: RHP Chris Close
|
|
|
Batting: RHB Yasuo Nakata
|
0-0: Ball 1-0: Swinging Strike 1-1: Ball 2-1: Ground out 6-3 (Groundball, 56, EV 103.1 MPH)
|
|
Batting: RHB Edgar Garcia
|
0-0: Ball 1-0: Swinging Strike 1-1: Ball 2-1: Swinging Strike 2-2: Ball 3-2: Foul Ball, location: 2F 3-2: Base on Balls
|
|
Batting: LHB Soo-yeon Kym
|
0-0: Ball 1-0: Called Strike Edgar Garcia steals 2nd base 1-1: Ball 2-1: Ball 3-1: Base on Balls
|
|
Batting: RHB Larry Hardman
|
0-0: Ball 1-0: Foul Ball, location: 2F 1-1: Ball 2-1: Swinging Strike 2-2: Foul Ball, location: 2F 2-2: Foul Ball, location: 2F 2-2: Foul Ball, location: 2F 2-2: Ball 3-2: Foul Ball, location: 2F 3-2: Foul Ball, location: 2F 3-2: Grounds into double play, 5-4-3 (Groundball, 56S, EV 86.2 MPH)
|
| Top of the 1st over - 0 runs, 0 hits, 0 errors, 1 left on base; Hillsboro 0 - Auburn 0 |
| BOTTOM OF THE 1ST |
|
Auburn Doubledays batting - Pitching for Hillsboro Hops : LHP Haunani Moritiica
|
|
Pitching: LHP Haunani Moritiica
|
|
|
Batting: RHB Travis Stanley
|
0-0: Ball 1-0: SINGLE (Line Drive, 78M, EV 98.1 MPH)
|
|
Batting: LHB Mike Condon
|
0-0: Ball 1-0: Ball 2-0: Ball 3-0: Called Strike 3-1: Fly out, F9 (Flyball, 9, EV 84.4 MPH)
|
|
Batting: RHB Slavik Nebrodov
|
0-0: Ball 1-0: Ball 2-0: Ball Travis Stanley is caught stealing 2nd base 2-4 3-0: Called Strike 3-1: Foul Ball, location: 2F 3-2: Foul Ball, location: 2F 3-2: Foul Ball, location: 2F 3-2: SINGLE (Flyball, 34D, EV 93.8 MPH)
|
|
Batting: RHB John McNeill
|
0-0: Called Strike 0-1: Called Strike 0-2: Foul Ball, location: 2F 0-2: Fielders Choice at 2nd, 6-4 (Groundball, 6, EV 88.8 MPH)
|
| Bottom of the 1st over - 0 runs, 2 hits, 0 errors, 1 left on base; Hillsboro 0 - Auburn 0 |
| TOP OF THE 2ND |
|
Hillsboro Hops batting - Pitching for Auburn Doubledays : RHP Chris Close
|
|
Batting: RHB Jeremy Coffey
|
0-0: Ball 1-0: Ground out 6-3 (Groundball, 6, EV 86.9 MPH)
|
|
Batting: RHB Chris Bittner
|
0-0: Foul Ball, location: 2F 0-1: Foul Ball, location: 2F 0-2: Foul Ball, location: 2F 0-2: Ball 1-2: Ball 2-2: Strikes out swinging
|
|
Batting: RHB Brandon Joshua
|
0-0: Swinging Strike 0-1: Foul Ball, location: 2F 0-2: Strikes out swinging
|
| Top of the 2nd over - 0 runs, 0 hits, 0 errors, 0 left on base; Hillsboro 0 - Auburn 0 |
| BOTTOM OF THE 2ND |
|
Auburn Doubledays batting - Pitching for Hillsboro Hops : LHP Haunani Moritiica
|
|
Batting: LHB Elias Posada
|
0-0: Foul Ball, location: 2F 0-1: Fly out, F7 (Flyball, 7D, EV 88.8 MPH)
|
|
Batting: RHB Ryan Hiemer
|
0-0: Called Strike 0-1: Ball 1-1: Ball 2-1: Foul Ball, location: 2F 2-2: Ball 3-2: Strikes out swinging
|
|
Batting: RHB Bryan Ernst
|
0-0: Ball 1-0: Foul Ball, location: 2F 1-1: Foul Ball, location: 2F 1-2: Ground out 4-3 (Groundball, 4S, EV 88.8 MPH)
|
| Bottom of the 2nd over - 0 runs, 0 hits, 0 errors, 0 left on base; Hillsboro 0 - Auburn 0 |
| TOP OF THE 3RD |
|
Hillsboro Hops batting - Pitching for Auburn Doubledays : RHP Chris Close
|
|
Batting: RHB Trevor Corey
|
0-0: Called Strike 0-1: Swinging Strike 0-2: Foul Ball, location: 2F 0-2: Strikes out looking
|
|
Batting: RHB Jeremy Adams
|
0-0: Called Strike 0-1: Fly out, F8 (Flyball, 8RD, EV 103.1 MPH)
|
|
Batting: RHB Yasuo Nakata
|
0-0: Called Strike 0-1: Ball 1-1: Ball 2-1: Called Strike 2-2: Ball 3-2: Foul Ball, location: 2F 3-2: DOUBLE (Flyball, 8LXD, EV 111.2 MPH)
|
|
Batting: RHB Edgar Garcia
|
0-0: Foul Ball, location: 2F 0-1: Ball 1-1: Called Strike 1-2: Ground out 6-3 (Groundball, 6MS, EV 81.9 MPH)
|
| Top of the 3rd over - 0 runs, 1 hit, 0 errors, 1 left on base; Hillsboro 0 - Auburn 0 |
| BOTTOM OF THE 3RD |
|
Auburn Doubledays batting - Pitching for Hillsboro Hops : LHP Haunani Moritiica
|
|
Batting: RHB Jon Hill
|
0-0: Foul Ball, location: 2F 0-1: Ball 1-1: Swinging Strike 1-2: Ball 2-2: Strikes out swinging
|
|
Batting: RHB David Rojas
|
0-0: Ball 1-0: Ground out 4-3 (Groundball, 4, EV 88.8 MPH)
|
|
Batting: RHB Travis Stanley
|
0-0: Called Strike 0-1: Foul Ball, location: 2F 0-2: Ground out 6-3 (Groundball, 6, EV 86.2 MPH)
|
| Bottom of the 3rd over - 0 runs, 0 hits, 0 errors, 0 left on base; Hillsboro 0 - Auburn 0 |
| TOP OF THE 4TH |
|
Hillsboro Hops batting - Pitching for Auburn Doubledays : RHP Chris Close
|
|
Batting: LHB Soo-yeon Kym
|
0-0: Foul Ball, location: 2F 0-1: Called Strike 0-2: Ball 1-2: Ball 2-2: Strikes out swinging
|
|
Batting: RHB Larry Hardman
|
0-0: Called Strike 0-1: Ground out 2-3 (Groundball, 15S, EV 70.0 MPH)
|
|
Batting: RHB Jeremy Coffey
|
0-0: Swinging Strike 0-1: Ball 1-1: Ball 2-1: Swinging Strike 2-2: Ball 3-2: Ground out 5-3 (Groundball, 5, EV 83.8 MPH)
|
| Top of the 4th over - 0 runs, 0 hits, 0 errors, 0 left on base; Hillsboro 0 - Auburn 0 |
| BOTTOM OF THE 4TH |
|
Auburn Doubledays batting - Pitching for Hillsboro Hops : LHP Haunani Moritiica
|
|
Batting: LHB Mike Condon
|
0-0: Called Strike 0-1: Ball 1-1: Swinging Strike 1-2: Ball 2-2: Ball 3-2: Foul Ball, location: 2F 3-2: Strikes out swinging
|
|
Batting: RHB Slavik Nebrodov
|
0-0: Ball 1-0: Swinging Strike 1-1: Ball 2-1: Swinging Strike 2-2: Ground out 1-3 (Groundball, 15, EV 68.1 MPH)
|
|
Batting: RHB John McNeill
|
0-0: Foul Ball, location: 2F 0-1: SINGLE (Groundball, 56D, EV 97.5 MPH)
|
|
Batting: LHB Elias Posada
|
0-0: Ball 1-0: Ball John McNeill steals 2nd base 2-0: TRIPLE (Flyball, 89XD, EV 101.9 MPH) John McNeill scores
|
|
Batting: RHB Ryan Hiemer
|
0-0: Ball 1-0: Ball 2-0: Foul Ball, location: 2F 2-1: Ball 3-1: Base on Balls
|
|
Batting: RHB Bryan Ernst
|
0-0: Ball 1-0: Ball 2-0: Ground out U3 (Groundball, 34, EV 78.8 MPH)
|
| Bottom of the 4th over - 1 run, 2 hits, 0 errors, 2 left on base; Hillsboro 0 - Auburn 1 |
| TOP OF THE 5TH |
|
Hillsboro Hops batting - Pitching for Auburn Doubledays : RHP Chris Close
|
|
Batting: RHB Chris Bittner
|
0-0: Called Strike 0-1: Swinging Strike 0-2: Foul Ball, location: 2F 0-2: Ball 1-2: Foul Ball, location: 2F 1-2: Ball 2-2: Strikes out swinging
|
|
Pitching: RHP Felipe Valencia
|
|
|
Batting: RHB Brandon Joshua
|
0-0: Ground out 6-3 (Groundball, 6, EV 86.2 MPH)
|
|
Batting: RHB Trevor Corey
|
0-0: Swinging Strike 0-1: Swinging Strike 0-2: Ball 1-2: Ball 2-2: Foul Ball, location: 2F 2-2: Strikes out swinging
|
| Top of the 5th over - 0 runs, 0 hits, 0 errors, 0 left on base; Hillsboro 0 - Auburn 1 |
| BOTTOM OF THE 5TH |
|
Auburn Doubledays batting - Pitching for Hillsboro Hops : LHP Haunani Moritiica
|
|
Batting: RHB Jon Hill
|
0-0: Ground out 6-3 (Groundball, 6, EV 77.5 MPH)
|
|
Batting: RHB David Rojas
|
0-0: Ball 1-0: Ball 2-0: Ball 3-0: Ground out U3 (Groundball, 34, EV 84.4 MPH)
|
|
Batting: RHB Travis Stanley
|
0-0: Ball 1-0: Swinging Strike 1-1: Swinging Strike 1-2: Ball 2-2: Ball 3-2: DOUBLE (Line Drive, 78M, EV 107.5 MPH)
|
|
Batting: LHB Mike Condon
|
0-0: Ball 1-0: Ball 2-0: Foul Ball, location: 2F 2-1: Ball 3-1: Base on Balls
|
|
Batting: RHB Slavik Nebrodov
|
0-0: Ball 1-0: Swinging Strike 1-1: Foul Ball, location: 2F 1-2: Ball 2-2: Ball 3-2: Base on Balls Travis Stanley to third Mike Condon to second
|
|
Batting: RHB John McNeill
|
0-0: Swinging Strike 0-1: Ball 1-1: Ball 2-1: SINGLE (Line Drive, 4M, EV 103.1 MPH) Travis Stanley scores Mike Condon to third Slavik Nebrodov to second
|
|
Batting: LHB Elias Posada
|
0-0: SINGLE (Groundball, 3D, EV 97.5 MPH) Mike Condon scores Slavik Nebrodov to third John McNeill to second
|
|
Batting: RHB Ryan Hiemer
|
0-0: Called Strike 0-1: Foul Ball, location: 2F 0-2: Ball Wild Pitch! Slavik Nebrodov scores John McNeill to third Elias Posada to second 1-2: Ball 2-2: Foul Ball, location: 2F 2-2: Foul Ball, location: 2F 2-2: Fly out, F6 (Line Drive, 6, EV 71.2 MPH)
|
| Bottom of the 5th over - 3 runs, 3 hits, 0 errors, 2 left on base; Hillsboro 0 - Auburn 4 |
| TOP OF THE 6TH |
|
Hillsboro Hops batting - Pitching for Auburn Doubledays : RHP Felipe Valencia
|
|
Batting: RHB Jeremy Adams
|
0-0: Swinging Strike 0-1: Ball 1-1: Ball 2-1: Ball 3-1: Foul Ball, location: 2F 3-2: Strikes out looking
|
|
Batting: RHB Yasuo Nakata
|
0-0: Swinging Strike 0-1: Foul Ball, location: 2F 0-2: Strikes out swinging, 2-3 out at first.
|
|
Batting: RHB Edgar Garcia
|
0-0: Foul Ball, location: 2F 0-1: Foul Ball, location: 2F 0-2: Ball 1-2: Ground out 3-1 (Groundball, 34S, EV 87.5 MPH)
|
| Top of the 6th over - 0 runs, 0 hits, 0 errors, 0 left on base; Hillsboro 0 - Auburn 4 |
| BOTTOM OF THE 6TH |
|
Auburn Doubledays batting - Pitching for Hillsboro Hops : LHP Haunani Moritiica
|
|
Pitching: LHP Yuko Kajiwara
|
|
|
Batting: RHB Bryan Ernst
|
0-0: Swinging Strike 0-1: Ball 1-1: SOLO HOME RUN (Flyball, 78XD, EV 110.6 MPH), Distance : 423 ft
|
|
Batting: RHB Jon Hill
|
0-0: Called Strike 0-1: Foul Ball, location: 2F 0-2: Strikes out swinging
|
|
Batting: RHB David Rojas
|
0-0: Called Strike 0-1: Ball 1-1: Ball 2-1: Foul Ball, location: 2F 2-2: Strikes out looking
|
|
Batting: RHB Travis Stanley
|
0-0: Ball 1-0: Called Strike 1-1: Ball 2-1: Ball 3-1: Base on Balls
|
|
Batting: LHB Mike Condon
|
Balk! Travis Stanley to second 0-0: Called Strike 0-1: Fly out, F9 (Flyball, 89S, EV 86.2 MPH)
|
| Bottom of the 6th over - 1 run, 1 hit, 0 errors, 1 left on base; Hillsboro 0 - Auburn 5 |
| TOP OF THE 7TH |
|
Hillsboro Hops batting - Pitching for Auburn Doubledays : RHP Felipe Valencia
|
|
Batting: LHB Soo-yeon Kym
|
0-0: Ball 1-0: Called Strike 1-1: Called Strike 1-2: Foul Ball, location: 2F 1-2: Strikes out swinging
|
|
Pitching: RHP Mike DiFonzo
|
|
|
Batting: RHB Larry Hardman
|
0-0: Called Strike 0-1: Fly out, F8 (Flyball, 78M, EV 75.6 MPH)
|
|
Batting: RHB Jeremy Coffey
|
0-0: Ball 1-0: Ball 2-0: Ball 3-0: Called Strike 3-1: Base on Balls
|
|
Batting: RHB Chris Bittner
|
0-0: Called Strike 0-1: SINGLE (Line Drive, 34D, EV 94.4 MPH) Jeremy Coffey to second
|
|
Batting: RHB Brandon Joshua
|
0-0: Ground out 4-3 (Groundball, 4, EV 97.5 MPH)
|
| Top of the 7th over - 0 runs, 1 hit, 0 errors, 2 left on base; Hillsboro 0 - Auburn 5 |
| BOTTOM OF THE 7TH |
|
Auburn Doubledays batting - Pitching for Hillsboro Hops : LHP Yuko Kajiwara
|
|
Batting: RHB Slavik Nebrodov
|
0-0: Ground out 6-3 (Groundball, 6M, EV 103.8 MPH)
|
|
Batting: RHB John McNeill
|
0-0: Foul Ball, location: 2F 0-1: Foul Ball, location: 2F 0-2: Ball 1-2: Foul Ball, location: 2F 1-2: Ball 2-2: DOUBLE (Line Drive, 9LM, EV 109.4 MPH)
|
|
Batting: LHB Elias Posada
|
0-0: Called Strike 0-1: Called Strike 0-2: Ball 1-2: Strikes out swinging
|
|
Batting: RHB Ryan Hiemer
|
0-0: Called Strike 0-1: Ground out 5-3 (Groundball, 56, EV 107.5 MPH)
|
| Bottom of the 7th over - 0 runs, 1 hit, 0 errors, 1 left on base; Hillsboro 0 - Auburn 5 |
| TOP OF THE 8TH |
|
Hillsboro Hops batting - Pitching for Auburn Doubledays : RHP Mike DiFonzo
|
|
Batting: RHB Trevor Corey
|
0-0: SINGLE (Groundball, 34D, EV 95.0 MPH)
|
|
Batting: RHB Jeremy Adams
|
0-0: Ball 1-0: Ball 2-0: Foul Ball, location: 2F 2-1: Ball 3-1: Base on Balls Trevor Corey to second
|
|
Batting: RHB Yasuo Nakata
|
0-0: Fly out, F9 (Flyball, 9S, EV 80.6 MPH)
|
|
Batting: RHB Edgar Garcia
|
0-0: Ball 1-0: Ball 2-0: Ball 3-0: Foul Ball, location: 2F 3-1: Foul Ball, location: 2F 3-2: Base on Balls Trevor Corey to third Jeremy Adams to second
|
|
Batting: LHB Soo-yeon Kym
|
0-0: Ball 1-0: Ball 2-0: Called Strike 2-1: Ball 3-1: Base on Balls Trevor Corey scores Jeremy Adams to third Edgar Garcia to second
|
|
Pitching: RHP Gilberto Ricalde
|
|
|
Batting: RHB Larry Hardman
|
0-0: Called Strike 0-1: Ball 1-1: Foul Ball, location: 2F 1-2: Strikes out swinging
|
|
Batting: RHB Jeremy Coffey
|
0-0: Ball 1-0: Ball 2-0: Ball 3-0: Base on Balls Jeremy Adams scores Edgar Garcia to third Soo-yeon Kym to second
|
|
Batting: RHB Chris Bittner
|
0-0: Called Strike 0-1: Ball 1-1: Called Strike 1-2: Ball 2-2: Foul Ball, location: 2F 2-2: Fly out, F8 (Flyball, 8RD, EV 85.0 MPH)
|
| Top of the 8th over - 2 runs, 1 hit, 0 errors, 3 left on base; Hillsboro 2 - Auburn 5 |
| BOTTOM OF THE 8TH |
|
Auburn Doubledays batting - Pitching for Hillsboro Hops : LHP Yuko Kajiwara
|
|
Batting: RHB Bryan Ernst
|
0-0: Foul Ball, location: 2F 0-1: Foul Ball, location: 2F 0-2: Strikes out swinging
|
|
Batting: RHB Jon Hill
|
0-0: Called Strike 0-1: Called Strike 0-2: Strikes out swinging
|
|
Batting: RHB David Rojas
|
0-0: Foul Ball, location: 2F 0-1: Called Strike 0-2: Ball 1-2: Strikes out swinging
|
| Bottom of the 8th over - 0 runs, 0 hits, 0 errors, 0 left on base; Hillsboro 2 - Auburn 5 |
| TOP OF THE 9TH |
|
Hillsboro Hops batting - Pitching for Auburn Doubledays : RHP Gilberto Ricalde
|
|
Pitching: RHP Steve Barnes
|
|
|
Batting: RHB Brandon Joshua
|
0-0: Ball 1-0: Foul Ball, location: 2F 1-1: Ball 2-1: Ground out 5-3 (Groundball, 5L, EV 107.5 MPH)
|
|
Batting: RHB Trevor Corey
|
0-0: Swinging Strike 0-1: Swinging Strike 0-2: Strikes out swinging
|
|
Batting: RHB Jeremy Adams
|
0-0: Ball 1-0: Swinging Strike 1-1: Swinging Strike 1-2: Ball 2-2: Ball 3-2: Base on Balls
|
|
Batting: RHB Yasuo Nakata
|
0-0: Swinging Strike 0-1: Called Strike 0-2: Ball 1-2: Strikes out swinging
|
| Top of the 9th over - 0 runs, 0 hits, 0 errors, 1 left on base; Hillsboro 2 - Auburn 5 |
|